 Dungeon Crawl Stone Soup version 0.29-a0-333-gb4c28e87c6 (webtiles) character file.

Game seed: 15945822134566381898

64 Jortsu the Covered (level 3, -2/29 HPs)
             Began as a Demonspawn Fighter on Apr 13, 2022.
             Was an Initiate of Ashenzari.
             Slain by Sigmund
             ... wielding a +0 scythe
              (8 damage)
             ... on level 2 of the Dungeon.
             The game lasted 00:02:27 (1800 turns).

Jortsu the Covered (Demonspawn Fighter)             Turns: 1800, Time: 00:02:28

Health: -2/29      AC: 13    Str: 18    XL:     3   Next: 91%
Magic:  3/3        EV:  6    Int:  9    God:    Ashenzari [......]
Gold:   69         SH:  4    Dex: 12    Spells: 2/2 levels left

rFire   . . .      SeeInvis .   a - +0 war axe
rCold   . . .      Faith    .   c - +0 buckler of Ashenzari's Orthodoxy {Melee, Fort} (curse)
rNeg    . . .      Spirit   .   e - +0 chain mail
rPois   .          Reflect  .   f - +2 helmet
rElec   .          Harm     .   j - +0 cloak
rCorr   .          Rampage  .   (no gloves)
Will    .....                   (no boots)
Stlth   ..........              (no amulet)
HPRegen 0.09/turn               (no ring)
MPRegen 0.08/turn               (no ring)

@: mighty
A: demonic touch 1
a: Renounce Religion, Curse Item, Shatter the Chains


You were on level 2 of the Dungeon.
You worshipped Ashenzari.
Ashenzari was noncommittal.
You visited 1 branch of the dungeon, and saw 2 of its levels.

You collected 69 gold pieces.

Inventory:

Hand Weapons
 a - a +0 war axe (weapon)
Armour
 c - the cursed +0 buckler of Ashenzari's Orthodoxy (worn) {Melee, Fort}

   It has a curse which improves the following skills: Melee Combat: Short
   Blades, Long Blades, Axes, Maces & Flails, Polearms, Staves and Unarmed
   Combat.
   Fortitude: Armour and Shields.
 e - a +0 chain mail (worn)
 f - a +2 helmet (worn)
 j - a +0 cloak (worn)
Potions
 b - a potion of heal wounds
 h - a potion of mutation {unknown}


   Skills:
 + Level 3.2 Fighting
 + Level 2.7(3.1) Axes
 + Level 3.5(3.9) Armour
 + Level 2.9(3.3) Shields


You had 2 spell levels left.
You didn't know any spells.
Your spell library was empty.

Dungeon Overview and Level Annotations

Branches:
Dungeon (2/15)

Altars:
Ashenzari

Annotations:
D:2 Sigmund


Innate Abilities, Weirdness & Mutations

Your touch may inflict minor irresistible damage on your foes.


Message History

You open the door.
Found a ring mail.
There is an open door here.
You now have 69 gold pieces (gained 11).
A goblin comes into view. It is wielding a +0 dagger.
The goblin shouts!
The goblin hits you but does no damage.
You hit the goblin.
The goblin is heavily wounded.
The goblin hits you but does no damage.
You hit the goblin.
You kill the goblin!
Things that are here:
a +0 dagger; a goblin corpse You open the door.
There is an open door here.
Sigmund the Dreaded comes into view.
He is wielding a +0 scythe.
Sigmund shouts!
You see here a scroll labelled LACVIS HIRUTU.
You feel very mighty all of a sudden.
Sigmund laughs darkly.
Sigmund hits you but does no damage. Sigmund hits you with a +0 scythe!
You closely miss Sigmund. Sigmund hits you with a +0 scythe!
You slash Sigmund!
Sigmund is moderately wounded.
You hit Sigmund.
Sigmund is heavily wounded.
Sigmund hits you with a +0 scythe.
* * * LOW HITPOINT WARNING * * *
You hit Sigmund.
Sigmund is almost dead.
Sigmund casts a spell at you. The puff of flame hits you.
* * * LOW HITPOINT WARNING * * *
Sigmund drinks a potion.
Sigmund is healed!
You slash Sigmund!
Sigmund is severely wounded.
Sigmund hits you with a +0 scythe!
You die...

### #..
#.###########
#.##?@@......
#####.##?########
#..)..##'###...#
#####.###..........#
#.....# #..........#
#.....###........###
#........###+#####
####.....# #.#
###.....# #.# #


You could see Sigmund.

Vanquished Creatures
  Robin (D:2)
  2 worms (D:2)
  A dart slug (D:1)
  A ball python (D:2)
  3 giant cockroaches
  5 hobgoblins
  4 kobolds (D:1)
  A quokka (D:1)
  3 bats
  3 frilled lizards (D:2)
  14 goblins
  2 rats
40 creatures vanquished.

Notes
Turn   | Place    | Note
-------+----------+-------------------------------------------
     0 | D:1      | Jortsu the Demonspawn Fighter began the quest for the Orb.
     0 | D:1      | Reached XP level 1. HP: 18/18 MP: 1/1
   122 | D:1      | Found a faded altar of an unknown god.
   143 | D:1      | Gained mutation: Your touch may inflict minor irresistible
                  | damage on your foes. [demonic ancestry]
   143 | D:1      | Reached XP level 2. HP: 3/24 MP: 2/2
   147 | D:1      | Prayed at the altar of an unknown god.
   147 | D:1      | Became a worshipper of Ashenzari the Shackled
  1090 | D:2      | Reached XP level 3. HP: 28/29 MP: 3/3
  1251 | D:2      | Noticed Robin
  1289 | D:2      | Killed Robin
  1793 | D:2      | Noticed Sigmund
  1800 | D:2      | Slain by Sigmund

Illustrated notes

Levels and vault maps discovered:
D:1:      wheals_arrival_shading, layout_rooms, ebering_ecumenical_altar_mist
D:2:      kennysheep_six_static_rooms, layout_basic,
          nicolae_concentric_dashed_squares_mild, uniq_robin, uniq_sigmund

Skill      XL: |  1  2 |
---------------+-------+-----
Armour         | 3 |  3.5
Axes           | 2 |  2.7
Fighting       | |  3.2
Shields        | |  2.9

Action                   || total
-------------------------++-------
Melee: War axe           ||   137
Invok: Curse Item        ||     1
  Use: Scroll            ||     3
       Potion            ||     1
Armor: Chain mail        ||   105
Dodge: Dodged            ||    44
Block: Buckler           ||    31

Table legend: (Time is in decaauts)
 A = Elapsed time spent in this place.
 B = Non-inter-level travel time spent in this place.
 C = Inter-level travel time spent in this place.
 D = Time resting spent in this place.
 E = Time spent auto-exploring this place.
 F = Levels seen in this place.
 G = Mean time per level.
                   A        B        C        D        E       F      G
               +--------+--------+--------+--------+--------+-----+--------+
         Total |   1856 |   1827 |     29 |    261 |   1152 |   2 |  928.0 |
       Dungeon |   1856 |   1827 |     29 |    261 |   1152 |   2 |  928.0 |
               +--------+--------+--------+--------+--------+-----+--------+

Top non-repeatable levels by time:
     D:1: 1034 daAuts
     D:2: 821 daAuts
